Map: Dusty Gorge

Players

iiiiiiiiiiii - Winner!

  • Race: Terran Terran
  • League: Diamond
  • Spawn Location: 9:00

PureLegacy - Winner!

  • Race: Terran Terran
  • Spawn Location: 11:00

Кот

  • Race: Protoss Protoss
  • League: Diamond
  • Spawn Location: 3:00

IllIlllIIIlI

  • Race: Terran Terran
  • League: Master
  • Spawn Location: 5:00

VOD

Have the link to the VOD?

Description

Time

  • Played on: Nov. 27, 2018, 11:20 p.m.
  • Length: 7:25
Show
View Real Time Build Order
Export as new Build Order

iiiiiiiiiiii Terran - Winner!

Build Orders:  

Get SALT Encoding   

  12  0:03  SCV  
  13  0:15  SCV  
  14  0:23  Supply Depot  
  14  0:35  SCV  
  15  0:45  Refinery  
  15  0:50  Barracks  
  15  0:54  SCV  
  16  1:06  SCV  
  16  1:08  Refinery  
  17  1:18  SCV  
  18  1:30  SCV  
  19  1:43  Orbital Command  
  19  1:49  Factory  
  19  2:00  Barracks Tech Lab  
  19  2:17  SCV  
  20  2:26  Supply Depot  
  20  2:29  SCV  
  21  2:41  SCV  
  22  2:46  Supply Depot  
  22  2:48  Siege Tank  
  25  2:53  SCV  
  26  3:05  SCV  
  26  3:08  Supply Depot  
  27  3:20  Siege Tank  
  30  3:33  Engineering Bay  
  30  3:52  Siege Tank  
  33  4:01  Missile Turret  
  33  4:05  Missile Turret  
  33  4:21  Command Center  
  33  4:24  Siege Tank  
  36  4:35  SCV  
  37  4:47  SCV  
  38  4:56  Siege Tank  
  38  4:59  SCV  
  42  5:03  Barracks Tech Lab  
  42  5:11  SCV  
  43  5:23  SCV  
  42  5:29  Siege Tank  
  42  5:35  SCV  
  36  5:41  Orbital Command  
  33  5:47  SCV  
  34  6:00  SCV  
  34  6:01  Siege Tank  
  35  6:12  SCV  
  36  6:24  SCV  
  37  6:30  SCV  
  32  6:33  Siege Tank  
  32  6:36  SCV  
  33  6:42  SCV  
  34  6:53  Missile Turret, SCV  
  35  6:54  SCV  
  35  6:57  Missile Turret  
  36  7:05  SCV  
  36  7:06  SCV  
Show
View Real Time Build Order
Export as new Build Order

PureLegacy Terran - Winner!

Build Orders:  

Get SALT Encoding   

  12  0:01  SCV  
  13  0:13  SCV  
  14  0:19  Supply Depot  
  14  0:25  SCV  
  15  0:30  Refinery  
  15  0:40  SCV  
  16  0:46  Barracks  
  16  0:53  SCV  
  17  1:05  Barracks  
  17  1:25  Barracks  
  17  1:37  Reaper  
  18  1:54  Orbital Command  
  18  1:57  Reaper  
  19  2:05  Refinery  
  19  2:11  Reaper  
  20  2:16  Reaper  
  21  2:23  Supply Depot  
  21  2:29  Reaper  
  22  2:32  SCV  
  23  2:45  Reaper  
  23  2:48  Reaper, SCV  
  26  2:52  Supply Depot  
  26  3:02  Reaper  
  26  3:04  SCV  
  28  3:16  SCV  
  28  3:17  Reaper  
  30  3:28  SCV  
  31  3:38  Reaper x2  
  31  3:40  Engineering Bay, SCV  
  34  3:51  Reaper  
  34  3:53  Command Center  
  35  4:02  SCV  
  36  4:05  Supply Depot  
  36  4:09  Terran Infantry Weapons Level 1  
  36  4:10  Reaper  
  36  4:12  Reaper  
  36  4:27  Reaper  
  37  4:34  Barracks x2  
  37  4:40  Missile Turret  
  37  4:41  SCV  
  38  4:54  Reaper  
  38  4:55  Reaper  
  38  4:58  SCV  
  41  5:01  Supply Depot, Reaper  
  40  5:18  Orbital Command  
  40  5:19  SCV  
  41  5:28  Reaper x2  
  41  5:31  SCV  
  41  5:37  Reaper  
  41  5:41  Reaper  
  41  5:42  Reaper  
  39  5:43  SCV  
  36  5:56  SCV  
  36  5:57  SCV  
  34  6:07  Missile Turret  
  33  6:20  Refinery x2  
  33  6:24  SCV  
  34  6:28  SCV  
  35  6:45  SCV x2  
  37  6:47  Barracks Tech Lab  
  37  6:50  Marine  
  37  6:51  Marine x2  
  40  6:57  SCV x2  
  42  7:09  SCV  
Show
View Real Time Build Order
Export as new Build Order

Кот Protoss 

Build Orders: Dark Templar Rush 

Get SALT Encoding   

  12  0:03  Probe  
  13  0:18  Pylon  
  14  0:21  Probe  
  14  0:33  Probe  
  15  0:36  Assimilator  
  15  0:40  Gateway  
  15  0:44  Forge  
  15  0:50  Probe  
  16  0:58  Probe  
  16  1:01  Pylon  
  17  1:20  Pylon  
  17  1:27  Pylon  
  17  1:41  Cybernetics Core  
  17  1:43  Gateway, Zealot  
  17  1:44  Gateway  
  19  1:50  Pylon  
  19  1:57  Warp Gate  
  19  1:58  Pylon  
  19  2:19  Twilight Council  
  19  2:23  Stalker  
  19  2:28  Gateway x2  
  21  2:32  Pylon  
  21  2:47  Stalker x2  
  25  2:57  Dark Shrine  
  25  3:01  Assimilator  
  25  3:31  Pylon  
  20  3:47  Probe  
  21  4:00  Pylon  
  21  4:16  Stalker x2  
  21  4:32  Pylon  
  21  4:33  Pylon  
  21  4:38  Photon Cannon  
  21  4:39  Photon Cannon  
  21  4:44  Gateway  
  21  4:52  Dark Templar x3  
  27  4:53  Dark Templar  
  29  5:14  Dark Templar  
  13  5:37  Dark Templar x2  
  13  5:38  Dark Templar x2  
  13  5:42  Dark Templar x4  
  14  5:58  Dark Templar x2  
  10  6:15  Dark Templar  
  8  6:31  Dark Templar  
  5  7:06  Dark Shrine  
  5  7:07  Probe  
  5  7:09  Pylon  
  5  7:12  Pylon  
  5  7:14  Pylon  
Show
View Real Time Build Order
Export as new Build Order

IllIlllIIIlI Terran 

Build Orders:  

Get SALT Encoding   

  12  0:07  SCV  
  13  0:30  SCV  
  13  0:31  Supply Depot  
  14  1:17  Refinery  
  14  1:18  Refinery, Engineering Bay  
  14  2:40  Planetary Fortress  
  14  3:49  SCV  
  15  4:01  SCV  
  16  4:13  SCV  
  17  4:25  SCV  
  18  4:37  SCV  
Tags
 
Add a new tag
Caveats
  • Supply blocks, unpowered buildings, or Contaminate may cause inaccurate times.
  • Supply counts are checked every 10 seconds.